 Dungeon Sprint DCSS version 0.22-a0-553-g9358b0b (webtiles) character file.

39385 George the Champion of Chaos (level 13, 0/114 HPs)
             Began as a Demonspawn Fighter on June 25, 2018.
             Was the Champion of Makhleb.
             Slain by an ettin
             ... wielding a +0 great mace
              (17 damage)
             ... while paralysed by a floating eye
             ... in the Dungeon (Sprint IX: "|||||||||||||||||||||||||||||").
             The game lasted 00:14:39 (3249 turns).

George the Champion of Chaos (Demonspawn Fighter)   Turns: 3249, Time: 00:14:40

Health: 0/114      AC: 22    Str: 22    XL:     13   Next: 68%
Magic:  25/25      EV:  2    Int:  9    God:    Makhleb [******]
Gold:   883        SH:  0    Dex: 18    Spells: 12/12 levels left

rFire    + . .     SeeInvis .   y - +4 scimitar (flame)
rCold    . . .     Gourm    .   c - +0 shield
rNeg     + . .     Faith    .   C - +2 plate armour {rN+}
rPois    +         Spirit   .   (no helmet)
rElec    .         Reflect  +   D - +1 cloak
rCorr    .         Harm     .   a - +0 pair of gloves
MR       .....     NoTele   +   (boots unavailable)
Stlth    ..........             j - +2 amulet of reflection
HPRegen  0.29/turn              v - ring of poison resistance
MPRegen  0.19/turn              A - ring of protection from fire

@: paralysed, agile
A: talons 3, large bone plates 1, nightstalker 2, powered by pain 1
a: Minor Destruction, Lesser Servant of Makhleb, Major Destruction, Greater
Servant of Makhleb, Renounce Religion


You were in the Dungeon.
You worshipped Makhleb.
Makhleb was exalted by your worship.
You were hungry.

You visited 1 branch You collected 1620 gold pieces.
You spent 737 gold pieces at shops.

Inventory:

Hand Weapons
 y - a +4 scimitar of flaming (weapon)
Armour
 a - a +0 pair of gloves (worn)
 c - a +0 shield (worn)
 t - the +0 Maxwell's etheric cage {RegenMP+ *Contam rElec MP+4}
   (You found it in the Dungeon)

   It insulates you from electricity.
   It affects your magic capacity (+4).
   It causes magical contamination when unequipped.
 C - a +2 plate armour of positive energy (worn)
 D - a +1 cloak (worn)
Jewellery
 j - a +2 amulet of reflection (around neck)
 p - an uncursed ring of protection from cold
 v - a ring of poison resistance (left hand)
 A - a ring of protection from fire (right hand)
 B - an uncursed ring of protection from fire
Wands
 o - a wand of acid (9)
Scrolls
 k - 4 scrolls of blinking
 m - 3 scrolls of remove curse
 n - 2 scrolls of amnesia
 u - 3 scrolls of enchant armour
 w - 2 scrolls of enchant weapon
 E - 2 scrolls of fear
 F - a scroll of fog
Potions
 b - a potion of berserk rage
 e - 7 potions of curing
 g - 8 potions of heal wounds
 h - 3 potions of haste
 i - 4 potions of magic
 l - a potion of degeneration {unknown}
 q - 2 potions of agility
 x - 2 potions of mutation
 z - a potion of brilliance
Comestibles
 f - 12 rations


   Skills:
 + Level 14.9 Fighting
 + Level 16.6 Long Blades
 + Level 13.9 Armour
 + Level 13.7 Dodging
 + Level 13.8 Shields
 + Level 17.7 Invocations


You had 12 spell levels left.
You didn't know any spells.
Your spell library was empty.

Dungeon Overview and Level Annotations

Branches:
Dungeon (1/1)

Altars:
Cheibriados
Dithmenos
Elyvilon
Fedhas
Gozag
Hepliaklqana
Kikubaaqudgha
Makhleb
Nemelex Xobeh
Okawaru
Qazlal
Ru
Sif Muna
Trog
Uskayaw
Vehumet
Wu Jian
Xom
Yredelemnul
Zin
The Shining One
Beogh
Jiyva
Lugonu

Shops:
D }*(}


Innate Abilities, Weirdness & Mutations

You have claws for feet.
You are partially covered in large bone plates. (SH +4)
You are significantly more attuned to the shadows.
You sometimes gain a little power by taking damage.


Message History

You slash the stone giant! You burn the stone giant.
The stone giant is severely wounded.
You slice the stone giant!! You burn the stone giant.
You kill the stone giant!
Makhleb accepts your kill.
You feel better.
You completely miss the ettin. Your kick misses the ettin.
You block the ettin's attack. The ettin hits you with a dire flail!!
You slice the ettin!! You burn the ettin.
The ettin is moderately wounded.
The floating eye gazes piercingly through you!
You suddenly lose the ability to move!
The ettin hits you with a great mace! The ettin hits you with a dire flail!
A fire dragon comes into view.
The ettin hits you with a great mace!!
* * * LOW HITPOINT WARNING * * *
You focus on the pain.
You feel more agile all of a sudden. The ettin hits you with a dire flail!
You die...

.....[[[[.[[[.)))))))).....'.....
▓▓▓▓▓▓▓▓▓▓▓▓▓▓▓▓▓▓▓▓▓▓▓▓▓▓▓▓▓▓▓▓▓
.................................
▓▓▓▓▓▓▓▓▓▓▓▓♣♣♣♣♣♣♣♣♣♣▓▓▓▓▓▓▓▓▓▓▓
)).)...)()()......†..†....)......
▓▓▓▓▓▓▓▓▓▓▓▓♣♣♣♣♣♣♣♣♣♣▓▓▓▓▓▓▓▓▓▓▓
.................................
▓▓▓▓▓▓▓▓▓▓▓▓▓▓▓▓▓▓▓▓▓▓▓▓▓▓▓▓▓▓▓▓▓
+,,,,,,,,,,DGGCC@[.'.............
***********▓▓▓▓▓▓▓▓▓▓▓▓▓▓▓▓▓▓▓▓▓▓
,,,,,,,,,,,,,,,,,,,,,,,,,,,,,,,,,
*********************************
,,,,,,,,,,,,,,,,,,,,,,,,+,,,,,,,,
*********************************
,,,,,,,,,,,,,,,,,,,,,,,,,,,,,,,,,
*********************************
,+,,,,,,,,,,,,,+,,,,,,,,,,,,,+,,,


You could see a fire dragon, a great orb of eyes, 2 ettins and a floating eye.

Vanquished Creatures
  A nagaraja (D)
  A fire giant (D)
  An emperor scorpion (D)
  2 stone giants (D)
  An entropy weaver (D)
  An ettin (D)
  A great orb of eyes (D)
  3 hydras (D)
  A rakshasa (D)
  2 merfolk aquamancers (D)
  2 two-headed ogres (D)
  Erica (D)
  An ogre mage (D)
  A centaur warrior (D)
  An alligator (D)
  A deep troll earth mage (D)
  2 orc high priests (D)
  A naga sharpshooter (D)
  A fire crab (shapeshifter) (D)
  2 sea snakes (D)
  A spriggan druid (D)
  A glowing orange brain (D)
  A swamp dragon (D)
  5 orc knights (D)
  An orb spider (D)
  An ugly thing (D)
  2 moths of wrath (D)
  4 orc sorcerers (D)
  2 manticores (D)
  3 black mambas (D)
  A naga mage (D)
  3 spiny frogs (D)
  A rime drake (D)
  2 komodo dragons (D)
  2 demonic crawlers (D)
  2 merfolk (D)
  A meliai (shapeshifter) (D)
  A jumping spider (D)
  A hornet (D)
  6 polar bears (D)
  A slime creature (D)
  A snapping turtle (D)
  2 hippogriffs (D)
  A tarantella (D)
  A wraith (D)
  Eustachio (D)
  A hungry ghost (D)
  Grum (D)
  A steam dragon (D)
  2 vampire mosquitoes (D)
  An insubstantial wisp (D)
  A naga (D)
  2 water moccasins (D)
  4 porcupines (D)
  11 orc warriors (D)
  2 black bears (D)
  A phantom (D)
  4 wolves (D)
  An ogre (D)
  A centaur (D)
  3 crocodiles (D)
  4 bullfrogs (D)
  3 orc priests (D)
  An orc wizard (D)
  A shadow imp (D)
  An adder skeleton (D)
  A dart slug (D)
  2 leopard geckos (D)
  16 orcs (D)
  A bat skeleton (D)
  A giant cockroach (D)
  A hobgoblin (D)
  A kobold (D)
  A frilled lizard (D)
  A rat (D)
146 creatures vanquished.

Vanquished Creatures (others)
  Nessos (D)
  A vampire mage (D)
  A naga mage (D)
3 creatures vanquished.

Grand Total: 149 creatures vanquished

Notes
Turn   | Place    | Note
-------+----------+-------------------------------------------
     0 | D        | George the Demonspawn Fighter began the quest for the Orb.
     0 | D        | Reached XP level 1. HP: 18/18 MP: 1/1
    25 | D        | Reached skill level 1 in Dodging
    27 | D        | Gained mutation: You are partially covered in large bone plates. (SH +4) [demonic ancestry]
    27 | D        | Reached XP level 2. HP: 9/24 MP: 2/2
   213 | D        | Noticed a phantom
   213 | D        | Noticed an ogre
   225 | D        | Killed an ogre
   225 | D        | Gained mutation: You have sharp toenails. [demonic ancestry]
   225 | D        | Reached XP level 3. HP: 31/31 MP: 3/3
   225 | D        | Gained mutation: You sometimes gain a little power by taking damage. [demonic ancestry]
   225 | D        | Reached XP level 4. HP: 38/38 MP: 4/4
   257 | D        | Killed a phantom
   257 | D        | Reached skill level 5 in Fighting
   257 | D        | Gained mutation: You are slightly more attuned to the shadows. [demonic ancestry]
   257 | D        | Reached XP level 5. HP: 34/44 MP: 5/5
   329 | D        | Found a roughly hewn altar of Beogh.
   329 | D        | Found a snail-covered altar of Cheibriados.
   329 | D        | Found a shadowy altar of Dithmenos.
   329 | D        | Found a white marble altar of Elyvilon.
   329 | D        | Found a blossoming altar of Fedhas.
   330 | D        | Found an opulent altar of Gozag.
   331 | D        | Found a hazy altar of Hepliaklqana.
   332 | D        | Found a viscous altar of Jiyva.
   333 | D        | Found an ancient bone altar of Kikubaaqudgha.
   334 | D        | Found a corrupted altar of Lugonu.
   335 | D        | Found a burning altar of Makhleb.
   336 | D        | Found a sparkling altar of Nemelex Xobeh.
   337 | D        | Found an iron altar of Okawaru.
   338 | D        | Found a stormy altar of Qazlal.
   339 | D        | Found a sacrificial altar of Ru.
   340 | D        | Found a deep blue altar of Sif Muna.
   341 | D        | Found a bloodstained altar of Trog.
   342 | D        | Became a worshipper of Makhleb the Destroyer
   343 | D        | Found a hide-covered altar of Uskayaw.
   344 | D        | Found a radiant altar of Vehumet.
   345 | D        | Found an ornate altar of the Wu Jian Council.
   346 | D        | Found a shimmering altar of Xom.
   347 | D        | Found a basalt altar of Yredelemnul.
   348 | D        | Found a glowing silver altar of Zin.
   349 | D        | Found a glowing golden altar of the Shining One.
   405 | D        | Noticed a wraith
   405 | D        | Noticed a centaur
   405 | D        | Noticed a water moccasin
   409 | D        | Killed a water moccasin
   409 | D        | Reached skill level 5 in Armour
   409 | D        | Reached skill level 5 in Shields
   409 | D        | Reached skill level 2 in Invocations
   409 | D        | Reached XP level 6. HP: 43/52 MP: 5/8
   412 | D        | Reached skill level 3 in Invocations
   416 | D        | Reached * piety under Makhleb
   423 | D        | Killed a wraith
   423 | D        | Reached skill level 5 in Dodging
   423 | D        | Reached skill level 4 in Invocations
   423 | D        | Gained mutation: You are significantly more attuned to the shadows. [demonic ancestry]
   423 | D        | Reached XP level 7. HP: 56/59 MP: 6/10
   429 | D        | Reached ** piety under Makhleb
   453 | D        | Noticed a two-headed ogre
   459 | D        | Reached skill level 5 in Invocations
   468 | D        | Killed a two-headed ogre
   468 | D        | Reached skill level 7 in Invocations
   468 | D        | Gained mutation: You have razor-sharp toenails. [demonic ancestry]
   468 | D        | Reached XP level 8. HP: 19/68 MP: 10/13
   471 | D        | Reached *** piety under Makhleb
   776 | D        | Noticed a hippogriff
   776 | D        | Noticed an eight-headed hydra
   783 | D        | Killed a two-headed hydra
   783 | D        | Reached skill level 10 in Long Blades
   783 | D        | Reached skill level 8 in Invocations
   783 | D        | Reached XP level 9. HP: 56/75 MP: 13/15
   783 | D        | Noticed a rime drake
   784 | D        | Reached **** piety under Makhleb
   786 | D        | Noticed a spiny frog
   794 | D        | Killed a rime drake
   794 | D        | Reached skill level 9 in Invocations
   796 | D        | Reached ***** piety under Makhleb
   804 | D        | Killed a spiny frog
   946 | D        | Noticed a komodo dragon
   950 | D        | Reached skill level 10 in Invocations
   954 | D        | Reached ****** piety under Makhleb
   957 | D        | Killed a komodo dragon
   957 | D        | Gained mutation: You have claws for feet. [demonic ancestry]
   957 | D        | Reached XP level 10. HP: 83/83 MP: 17/17
   999 | D        | Reached skill level 10 in Fighting
  1009 | D        | Reached skill level 11 in Invocations
  1060 | D        | Noticed Eustachio
  1064 | D        | Killed Eustachio
  1078 | D        | Noticed Erica
  1084 | D        | Killed Erica
  1152 | D        | Noticed an orc knight
  1162 | D        | Killed an orc knight
  1291 | D        | Noticed an orc sorcerer
  1291 | D        | Reached skill level 10 in Armour
  1300 | D        | Noticed a rust devil
  1302 | D        | Paralysed by an orc sorcerer for 3 turns
  1310 | D        | Noticed an orc sorcerer
  1310 | D        | Killed an orc sorcerer
  1310 | D        | Reached skill level 10 in Shields
  1310 | D        | Reached skill level 12 in Invocations
  1310 | D        | Reached XP level 11. HP: 40/92 MP: 18/20
  1316 | D        | Killed an orc sorcerer
  1323 | D        | Noticed an orc knight
  1333 | D        | Killed an orc knight
  1362 | D        | Noticed an orc sorcerer
  1362 | D        | Noticed an orc high priest
  1363 | D        | Noticed an orc knight
  1366 | D        | Noticed a soul eater
  1366 | D        | Killed an orc high priest
  1366 | D        | Reached skill level 10 in Dodging
  1368 | D        | Found Muafutu's Gadget Boutique.
  1368 | D        | Noticed an orc knight
  1372 | D        | Killed an orc sorcerer
  1373 | D        | Noticed an orc sorcerer
  1375 | D        | Noticed an orc high priest
  1383 | D        | Killed an orc knight
  1386 | D        | Noticed a soul eater
  1405 | D        | Killed an orc knight
  1405 | D        | Reached skill level 13 in Invocations
  1406 | D        | Found Yghamuz's Antique Weapon Shop.
  1409 | D        | Killed an orc sorcerer
  1418 | D        | Killed an orc high priest
  1419 | D        | Found Daqol's Assorted Antiques.
  1422 | D        | Found Kymempie's Gadget Shop.
  1488 | D        | Bought a scroll labeled ITIOTEE OJETUL for 22 gold pieces
  1490 | D        | Bought a scroll of enchant armour for 165 gold pieces
  1490 | D        | Bought 2 potions of haste for 440 gold pieces
  1490 | D        | Bought a potion of heal wounds for 110 gold pieces
  1606 | D        | Found the +3 giant club "Skullcrusher" {speed, Str+7}
  1614 | D        | Found the +0 Maxwell's etheric cage {RegenMP+ *Contam rElec MP+4}
  1672 | D        | Noticed a red ugly thing
  1672 | D        | Noticed an eight-headed hydra
  1672 | D        | Noticed a two-headed ogre
  1676 | D        | Killed a two-headed ogre
  1680 | D        | Noticed a fire crab
  1682 | D        | Killed a three-headed hydra
  1684 | D        | Noticed an orc knight
  1693 | D        | Noticed an ogre mage
  1695 | D        | Killed a red ugly thing
  1699 | D        | Noticed a rakshasa
  1703 | D        | Killed a fire crab
  1709 | D        | Noticed a fire giant
  1715 | D        | Killed an orc knight
  1715 | D        | Reached skill level 14 in Invocations
  1718 | D        | Noticed a fire giant
  1730 | D        | Killed a fire giant
  1730 | D        | Reached XP level 12. HP: 76/103 MP: 22/22
  1774 | D        | HP: 5/103 [fire giant (illusionary)/great sword of flaming (1)]
  1782 | D        | Killed an ogre mage
  1790 | D        | Noticed a vampire mage
  1792 | D        | Noticed a centaur warrior
  1799 | D        | Killed a vampire mage
  1801 | D        | Killed a rakshasa
  1801 | D        | Reached skill level 15 in Long Blades
  1805 | D        | Killed a centaur warrior
  1991 | D        | Noticed an ettin
  2003 | D        | Killed an ettin
  2003 | D        | Reached skill level 15 in Invocations
  2086 | D        | Noticed Nessos
  2091 | D        | Killed Nessos
  2329 | D        | Noticed an eight-headed hydra
  2337 | D        | Killed a five-headed hydra
  2400 | D        | Noticed an alligator
  2407 | D        | Killed an alligator
  2415 | D        | Noticed a nagaraja
  2425 | D        | Killed a nagaraja
  2433 | D        | Reached skill level 16 in Invocations
  2445 | D        | Reached XP level 13. HP: 110/112 MP: 25/25
  2536 | D        | Noticed an entropy weaver
  2546 | D        | Killed an entropy weaver
  2568 | D        | Reached skill level 17 in Invocations
  2573 | D        | Noticed an emperor scorpion
  2594 | D        | Killed an emperor scorpion
  2685 | D        | Noticed Grum
  2705 | D        | Killed Grum
  3201 | D        | Noticed an ettin
  3201 | D        | Noticed a stone giant
  3202 | D        | Noticed a stone giant
  3211 | D        | Noticed an ettin
  3233 | D        | Killed a stone giant
  3236 | D        | Paralysed by a floating eye for 3 turns
  3245 | D        | Killed a stone giant
  3247 | D        | Paralysed by a floating eye for 4 turns
  3248 | D        | Noticed a fire dragon
  3249 | D        | Slain by an ettin

Vault maps used:
D:        linesprint

Skill      XL: |  1  2  3  4  5  6  7  8  9 10 11 12 13 |
---------------+----------------------------------------+-----
Long Blades    | 2 4 6 8 9 10 11 13 14 15 16 | 16.6
Armour         | 3 4 5 6 7 8 10 11 12 13 | 13.9
Dodging        | 1 2 3 4 5 6 7 8 9 11 12 13 | 13.7
Shields        | 3 4 5 7 8 10 11 12 13 | 13.8
Fighting       | 4 5 6 7 8 9 10 12 13 14 | 14.9
Invocations    | 2 4 7 8 10 12 14 16 17 | 17.7

Action                   |  1- 3 |  4- 6 |  7- 9 | 10-12 | 13-15 || total
-------------------------+-------+-------+-------+-------+-------++-------
Melee: Long sword        |    35 |    24 |       |       |       ||    59
       Kick              |       |    10 |    25 |   164 |    76 ||   275
       Scimitar          |       |    18 |    68 |   381 |   170 ||   637
Invok: Minor Destruction |       |       |       |     1 |       ||     1
Evoke: Wand              |       |       |       |       |     1 ||     1
  Use: Potion            |     1 |       |     1 |     4 |     1 ||     7
       Scroll            |       |       |       |     4 |       ||     4
 Stab: Sleeping          |       |       |     1 |     3 |       ||     4
       Invisible         |       |       |       |     1 |       ||     1
  Eat: Chunk             |       |       |       |     6 |     2 ||     8
Armor: Scale mail        |     8 |     3 |       |       |       ||    11
       Ring mail         |       |     4 |    10 |    16 |       ||    30
       Plate armour      |       |       |       |    34 |    49 ||    83
Dodge: Dodged            |    11 |     7 |    29 |    72 |    42 ||   161
Block: Shield            |    19 |    29 |    48 |   217 |   145 ||   458
       Reflection        |       |       |     1 |    11 |     6 ||    18
       Rpst.: Long sword |     1 |     2 |       |       |       ||     3
       Scimitar          |       |       |     5 |    13 |     8 ||    26

Table legend:
 A = Spawn XP
 B = Non-spawn XP
 C = Spawn XP percentage of total XP
 D = Spawn monster count
 E = Non-spawn monster count
 F = Spawn count percentage of total count
 G = Total turns spent on level
                    A         B        C        D         E        F      G
               +---------+---------+-------+---------+---------+-------+---------
         Total |       0 |   56265 |   0.0 |       0 |     149 |   0.0 |  3249
               +---------+---------+-------+---------+---------+-------+---------
             D |       0 |   56265 |   0.0 |       0 |     149 |   0.0 |  3249
               +---------+---------+-------+---------+---------+-------+---------
